 Dungeon Crawl Stone Soup version 0.23.2-1-ga50397a6bc (webtiles) character file.

Game seed: 848700345513132036

65 MTandi the Chiller (level 4, 18/30 HPs)
             Began as a Merfolk Ice Elementalist on May 30, 2019.
             Quit the game on level 2 of the Dungeon.
             The game lasted 00:07:21 (1494 turns).

MTandi the Chiller (Merfolk Ice Elementalist)       Turns: 1494, Time: 00:07:22

Health: 18/30      AC:  2    Str:  9    XL:     4   Next: 14%
Magic:  7/7        EV: 13    Int: 14    God:
Gold:   81         SH:  0    Dex: 14    Spells: 6/7 levels left

rFire    . . .     SeeInvis .   h - +1 club
rCold    . . .     Gourm    .   (no shield)
rNeg     . . .     Faith    .   a - +0 robe
rPois    .         Spirit   .   (no helmet)
rElec    .         Reflect  .   (no cloak)
rCorr    .         Harm     .   (no gloves)
MR       .....                  (no boots)
Stlth    ++........             (no amulet)
HPRegen  0.10/turn              (no ring)
MPRegen  0.10/turn              (no ring)

@: no status effects
A: change form in water, swift swim, stealthy swim
a: no special abilities


You were on level 2 of the Dungeon.
You were not hungry.

You visited 1 branch of the dungeon, and saw 2 of its levels.

You collected 81 gold pieces.

Inventory:

Hand Weapons
 b - a +0 dagger
 h - a +1 club (weapon)
Armour
 a - a +0 robe (worn)
 e - a +0 ring mail
 g - a +1 scale mail
 j - a +0 leather armour
Scrolls
 d - a scroll of enchant weapon
Potions
 i - a potion of berserk rage {unknown}
Comestibles
 c - 3 rations
 f - a chunk of flesh


   Skills:
 - Level 2.7 Dodging
 - Level 2.2 Stealth
 - Level 2.0 Spellcasting
   Level 0.7 Conjurations
 + Level 5.3 Ice Magic


You had 6 spell levels left.
You knew the following spells:

 Your Spells              Type           Power        Failure   Level  Hunger
a - Freeze                Ice            ###.         2%          1    ##.....

Your spell library contained the following spells:

 Spells                   Type           Power        Failure   Level  Hunger
 Throw Frost              Conj/Ice       #.....       11%         2    ###....
 Ozocubu's Armour         Chrm/Ice       #.......     24%         3    ####...
 Throw Icicle             Conj/Ice       #.......     56%         4    #####..
 Summon Ice Beast         Ice/Summ       #.......     61%         4    #####..


Dungeon Overview and Level Annotations

Branches:
Dungeon (2/15)

Altars:

Annotations:
D:2 Sigmund


Message History

The adder closely misses you. The rat bites you. The adder barely misses you.
There is an open door here.
The rat twitches its whiskers.
The rat closely misses you.
Okay, then.
As you read the scroll labeled LECWIPN LELIBB, it crumbles to dust.
It is a scroll of enchant armour.
Your scale mail glows green for a moment.
The rat closely misses you.
As you read the scroll labeled OPUOSI RUATOF, it crumbles to dust.
It is a scroll of enchant weapon.
Your +0 club glows red for a moment.
The rat closely misses you. As you open the door, it creaks loudly!
A worm comes into view.
The rat bites you.
There is an open door here.
The worm barely misses you.
Unknown command.
Are you sure you want to abandon this character and quit the game? (Confirm with "yes".)

. . #.###.. . ...#.#
#### ..#.# ....
#######...# ....
#.....+...# ....
#.....#...# ....
#..@......##### #..
#.r...<.......# #..
###..w.....#....####..
#.S........#.?........
#.#........'..........
#.#........#......(.##
#.#.....####....$.....
#.####......#.........
#....'......'.........


You could see a worm, an adder and a rat.

Vanquished Creatures
  A hound (D:2)
  2 leopard geckos (D:1)
  7 bats
  3 giant cockroaches
  3 jackals (D:1)
  6 kobolds (D:1)
  A quokka (D:2)
  A ball python (D:1)
  2 frilled lizards
  3 goblins
  5 rats
34 creatures vanquished.

Notes
Turn   | Place    | Note
-------+----------+-------------------------------------------
     0 | D:1      | MTandi the Merfolk Ice Elementalist began the quest for the
                  | Orb.
     0 | D:1      | Reached XP level 1. HP: 13/13 MP: 3/3
   391 | D:1      | Reached XP level 2. HP: 14/19 MP: 3/5
   392 | D:1      | Reached skill level 4 in Ice Magic
   994 | D:1      | Reached XP level 3. HP: 20/24 MP: 3/6
  1408 | D:2      | Reached skill level 5 in Ice Magic
  1408 | D:2      | Reached XP level 4. HP: 17/30 MP: 1/7
  1455 | D:2      | Noticed Sigmund
  1494 | D:2      | Quit the game

Skill      XL: |  1  2  3 |
---------------+----------+-----
Ice Magic      | 4 5 |  5.3
Dodging        | |  2.7
Stealth        | |  2.2
Spellcasting   | |  2.0
Conjurations   | |  0.7

Action                   |  1- 3 |  4- 6 || total
-------------------------+-------+-------++-------
Melee: Dagger            |    43 |       ||    43
       Club              |    24 |       ||    24
 Cast: Freeze            |    35 |     4 ||    39
  Use: Scroll            |       |     2 ||     2
 Stab: Sleeping          |     3 |       ||     3
  Eat: Chunk             |     2 |     1 ||     3
Armor: Robe              |    26 |     3 ||    29
Dodge: Dodged            |    93 |    11 ||   104
